 Dungeon Crawl Stone Soup version 0.24-a0-282-g1a68c911f0 (webtiles) character file.

Game seed: 17704164800929778335

4595 Redear the Frost Mage (level 10, -10/56 HPs)
             Began as an Octopode Ice Elementalist on May 3, 2019.
             Was a Believer of Zin.
             Mangled by a sixfirhy (11 damage)
             ... in a Gauntlet.
             The game lasted 00:38:55 (13847 turns).

Redear the Frost Mage (Octopode Ice Elementalist)  Turns: 13847, Time: 00:38:55

Health: -10/56     AC:  1    Str: 16    XL:     10   Next: 41%
Magic:  17/30      EV: 13    Int: 26    God:    Zin [**....]
Gold:   360        SH:  0    Dex: 13    Spells: 13/24 levels left

rFire    + . .     SeeInvis .   h - +5 flail of Zin's Envy {crush, Fragile rN+ Int+2}
rCold    . . .     Gourm    .   (no shield)
rNeg     + . .     Faith    .   (helmet restricted)
rPois    ∞         Spirit   .   y - amulet of magic regeneration
rElec    .         Reflect  .   k - +4 ring of strength
rCorr    .         Harm     .   A - +2 ring of intelligence
MR       .....     NoTele   +   n - +3 ring of strength
Stlth    +++.......             u - ring of magical power {MP+9}
HPRegen  0.18/turn              (no ring)
MPRegen  0.47/turn              (no ring)
                                (no ring)
                                (no ring)

@: vitalised, lightly drained
A: almost no armour, stealthy swim, amphibious, 8 rings, constrict 8, antennae
1, camouflage 1, deterioration 1, fire resistance 1, gelatinous body 1,
evolution 1
a: Recite, Vitalisation, Donate Gold, Renounce Religion


You were in a Gauntlet.
You worshipped Zin.
Zin was pleased with you.
You were hungry.

You visited 2 branches of the dungeon, and saw 12 of its levels.
You also visited: Ossuary and Gauntlet.

You collected 537 gold pieces.
You spent 132 gold pieces at shops.
You donated 45 gold pieces to Zin.

Inventory:

Hand Weapons
 h - the +5 flail of Zin's Envy (weapon) {crush, Fragile rN+ Int+2}
   (You found it on level 5 of the Dungeon)

   It inflicts extra damage upon your enemies.
   It affects your intelligence (+2).
   It protects you from negative energy.
   It will be destroyed if unequipped.
 q - a +0 dagger of venom
 C - a +2 rapier of holy wrath
Armour
 f - a +0 large shield
 D - a +0 buckler
Jewellery
 k - a +4 ring of strength (left tentacle)
 n - a +3 ring of strength (on tentacle)
 u - a ring of magical power (on tentacle) {MP+9}
 y - an amulet of magic regeneration (around mantle)
 A - a +2 ring of intelligence (right tentacle)
Wands
 E - a wand of enslavement (4)
 O - a wand of clouds (6)
Scrolls
 b - a scroll of amnesia {unknown}
 d - 3 scrolls of immolation
 e - 3 scrolls of random uselessness
 i - a scroll of magic mapping {unknown}
 j - a scroll of fog {unknown}
 m - a scroll of fear
 o - a scroll of noise
 p - 8 scrolls of remove curse {@r2}
 r - 2 scrolls of blinking {unknown}
 w - 3 scrolls of enchant armour {unknown}
 R - 6 scrolls of identify {@r1}
 T - 6 scrolls of teleportation {@r3}
Potions
 a - 2 potions of heal wounds {@q1}
 c - 2 potions of agility {Stlth+ Dex+5 EV+5 | @q4}
 g - 3 potions of lignification
 l - a potion of flight
 v - 2 potions of resistance {rF+ rC+ rPois rElec rCorr}
 x - a potion of cancellation
 B - a potion of might {Str+5 DMG+1d10 | @q3}
 F - a potion of ambrosia {unknown}
 H - 2 potions of haste {@q5}
 Q - 4 potions of curing {@q2}
Miscellaneous
 t - a lightning rod (4/4)
Comestibles
 z - 7 rations


   Skills:
 - Level 2.0(1.8) Dodging
 - Level 2.6(2.5) Stealth
 + Level 7.9(7.8) Spellcasting
 + Level 6.4(6.2) Conjurations
 - Level 3.8(3.6) Summonings
 + Level 9.0(8.8) Ice Magic
 + Level 5.2(5.1) Evocations


You had 13 spell levels left.
You knew the following spells:

 Your Spells              Type           Power        Failure   Level  Hunger
a - Throw Frost           Conj/Ice       #####.       1%          2    None
b - Summon Ice Beast      Ice/Summ       #####...     4%          4    ##.....
c - Throw Icicle          Conj/Ice       #####...     2%          4    ##.....
s - Freeze                Ice            ####         1%          1    None

Your spell library contained the following spells:

 Spells                   Type           Power        Failure   Level  Hunger
 Ozocubu's Armour         Chrm/Ice       ####....     2%          3    None
 Confusing Touch          Hex            ##....       6%          1    None


Dungeon Overview and Level Annotations

Branches:
Dungeon (11/15)            Temple (1/1) D:5            Lair (0/6) D:10
    Orc: D:9-12

Altars:
Ashenzari
Cheibriados
Dithmenos
Elyvilon
Fedhas
Gozag
Kikubaaqudgha
Nemelex Xobeh
Okawaru
Qazlal
Sif Muna
Trog
Uskayaw
Vehumet
Wu Jian
Xom
Yredelemnul
Zin
The Shining One

Shops:
D:4 *   D:6 }   D:8 [

Annotations:
D:4 Blork the orc, Sigmund
D:5 exclusion: door
D:10 3 runed translucent doors, Yosebu's ghost, journeyman TrMo Gauntlet 11 transporters


Innate Abilities, Weirdness & Mutations

You cannot wear most types of armour.
You are very stealthy in the water. (Stealth+)
You are amphibious.
You can wear up to eight rings at the same time.
You can use your tentacles to constrict eight enemies at once.
Your skin changes colour to match your surroundings (Stealth+).
Your rubbery body absorbs attacks. (AC +1, EV +1)
You have a pair of small antennae on your head.
Your body sometimes deteriorates upon taking damage.
Your flesh is heat resistant. (rF+)
You evolve.


Message History

Your ice beast dies!
The sixfirhy barely misses you. The sixfirhy hits you! The sixfirhy shocks you!
* * * LOW HITPOINT WARNING * * *
Your ice beast hits the sixfirhy but does no damage.
You take 22 damage, and have 12/56 hp.
MASSIVE DAMAGE!!
Okay, then.
Unknown command.
Press: ? - help, v - describe, . - travel
Here: a sixfirhy (moderately wounded)
The floor.
Okay, then.
Press: ? - help, v - describe, . - travel
Here: a sixfirhy (moderately wounded)
The floor.
As you read the scroll of fear, it crumbles to dust.
You assume a fearsome visage.
The ufetubus is unaffected.
The sixfirhy is unaffected.
The sixfirhy hits you!
* * * LOW HITPOINT WARNING * * *
The sixfirhy shocks you!
You die...

#.#.#.#.#####$.#..##..#..###
##...##.#...#..##..#..#..#8
........#...#...34#4..#..#
#########...###########.§#
........§.≈.............≈###
.........≈8≈........∩...§#8#
..........≈.............≈###
#########...###########..#
.....(.x#...#...@.....#..###
.######g#...#.#Y3...#.#..#8#
##....#######..##.##..#..###
#.####.##...#?.##5##5.#..#
##.©.##.#©.©#©.#.©.#5.#©.###
.####.#.#...#|.##.##..#..#8#
#....##.#####..##.##..#..###
######..#...#5#.....#.#..#
........#.8.#355......#..###


You could see a sixfirhy, a neqoxec, 2 chaos spawn, an ufetubus and a friendly
ice beast.

Vanquished Creatures
  A two-headed ogre (D:9)
  A wyvern (D:8)
  A wraith (Ossuary)
  A porcupine (D:10)
  A phantom (D:4)
  2 orc warriors
  2 sky beasts
  A centaur (D:5)
  6 ogres
  A big kobold (D:10)
  5 bullfrogs
  3 scorpions
  A water moccasin skeleton (D:6)
  A howler monkey (D:4)
  4 crimson imps
  A quasit (D:10)
  6 orc priests
  3 hounds
  2 jellies (D:5)
  2 centaur skeletons
  An iguana (D:4)
  6 orc wizards
  7 worker ants
  A hound zombie (D:5)
  A hound skeleton (D:4)
  A mummy (Ossuary)
  5 gnolls
  11 adders
  An ooze (D:1)
  2 adder zombies
  An adder skeleton (D:9)
  3 worms (D:2)
  6 leopard geckos
  25 orcs
  7 giant cockroaches
  9 goblins
  12 hobgoblins
  11 kobolds
  6 quokkas
  4 bats
  9 frilled lizards
  7 gnoll skeletons (Ossuary)
  7 kobold skeletons (Ossuary)
  A leopard gecko zombie (D:6)
  7 orc skeletons (Ossuary)
  9 rats
205 creatures vanquished.

Vanquished Creatures (collateral kills)
  Sonja (D:10)
  A necrophage (D:9)
  2 ice beasts
  An ogre (D:7)
  A phantom (D:6)
  3 centaurs
  A gnoll sergeant (D:7)
  A scorpion (D:7)
  3 wights (D:10)
  A hound (D:7)
  An orc priest (D:6)
  2 orc wizards
  An iguana (D:9)
  A worker ant (D:7)
  A hound skeleton (D:8)
  A worker ant zombie (D:7)
  3 gnolls (D:7)
  An adder (D:7)
  A shadow imp (D:9)
  A leopard gecko (D:9)
  5 orcs
  2 gnoll skeletons (Ossuary)
  A jackal skeleton (D:6)
  A kobold skeleton (Ossuary)
  A leopard gecko skeleton (D:7)
  An orc skeleton (Ossuary)
  A quokka skeleton (D:8)
40 creatures vanquished.

Vanquished Creatures (others)
  4 demonic plants (Gauntlet)
4 creatures vanquished.

Grand Total: 249 creatures vanquished

Notes
Turn   | Place    | Note
-------+----------+-------------------------------------------
     0 | D:1      | Redear the Octopode Ice Elementalist began the quest for
                  | the Orb.
     0 | D:1      | Reached XP level 1. HP: 11/11 MP: 3/3
    27 | D:1      | Reached XP level 2. HP: 12/17 MP: 0/5
   687 | D:1      | Reached XP level 3. HP: 21/21 MP: 1/6
  1635 | D:2      | Reached skill level 3 in Spellcasting
  1661 | D:2      | Learned a level 2 spell: Throw Frost
  1810 | D:2      | Reached skill level 4 in Ice Magic
  1810 | D:2      | Reached XP level 4. HP: 27/27 MP: 3/8
  2879 | D:3      | Reached XP level 5. HP: 31/31 MP: 1/10
  3879 | D:4      | Reached skill level 4 in Spellcasting
  4034 | D:4      | Noticed Sigmund
  4077 | D:4      | Reached skill level 2 in Conjurations
  4077 | D:4      | Reached XP level 6. HP: 27/36 MP: 4/12
  4151 | D:4      | Reached skill level 5 in Ice Magic
  4865 | D:4      | Found Myketiv's General Store.
  4875 | D:4      | Bought a scroll of teleportation for 39 gold pieces
  4875 | D:4      | Bought a scroll of remove curse for 39 gold pieces
  5111 | D:4      | Noticed Blork the orc
  5275 | D:5      | Entered Level 5 of the Dungeon
  5315 | D:5      | Noticed a sky beast
  5325 | D:5      | Killed a sky beast
  5325 | D:5      | Reached skill level 3 in Conjurations
  5325 | D:5      | Reached XP level 7. HP: 20/41 MP: 2/14
  5556 | D:4      | Learned a level 4 spell: Summon Ice Beast
  5561 | D:4      | Learned a level 4 spell: Throw Icicle
  5684 | D:5      | Reached skill level 5 in Spellcasting
  5784 | D:5      | Reached skill level 6 in Ice Magic
  5888 | D:5      | HP: 4/41 [centaur/arrow (8)]
  6204 | D:4      | Gained mutation: Your muscles are strong. (Str +2) [potion
                  | of mutation]
  6204 | D:4      | Lost mutation: Your muscles are strong. (Str +2) [potion of
                  | mutation]
  6204 | D:4      | Gained mutation: You evolve. [potion of mutation]
  6204 | D:4      | Gained mutation: You have a pair of small antennae on your
                  | head. [potion of mutation]
  6301 | D:4      | Reached skill level 4 in Conjurations
  6407 | D:5      | Reached XP level 8. HP: 42/46 MP: 10/15
  6624 | D:5      | Reached skill level 1 in Summonings
  6638 | D:5      | Got a smoking flail
  6639 | D:5      | Identified the +5 flail of Zin's Envy {crush, Fragile rN+
                  | Int+2} (You found it on level 5 of the Dungeon)
  6906 | D:5      | Found a staircase to the Ecumenical Temple.
  7015 | Temple   | Entered the Ecumenical Temple
  7656 | D:6      | HP: 4/46 [phantom (8)]
  7821 | D:6      | Found Keshek's Gadget Shop.
  7874 | D:6      | Reached skill level 2 in Summonings
  7932 | D:6      | HP: 4/46 [orc priest/divine providence (11)]
  8029 | D:6      | Gained mutation: Your flesh is heat resistant. (rF+)
                  | [evolution]
  8120 | D:6      | Found a sand-covered staircase.
  8125 | Ossuary  | Entered an ossuary
  8125 | Ossuary  | Noticed a wraith
  8125 | Ossuary  | Noticed a wraith
  8125 | Ossuary  | Noticed a wraith
  8446 | Ossuary  | Noticed a wraith
  8519 | Ossuary  | Reached skill level 5 in Conjurations
  8644 | Ossuary  | Killed a wraith
  8644 | Ossuary  | Reached skill level 6 in Spellcasting
  9027 | D:6      | Reached skill level 3 in Summonings
  9040 | D:6      | Reached skill level 7 in Ice Magic
  9105 | D:6      | Reached XP level 9. HP: 51/51 MP: 18/18
 10102 | D:7      | Found a stormy altar of Qazlal.
 10680 | D:7      | Found a deep blue altar of Sif Muna.
 10720 | D:7      | Identified Sif Muna's Volume of Beguiling
 10774 | D:7      | Found a glowing golden altar of the Shining One.
 10811 | D:8      | Found a shattered altar of Ashenzari.
 10909 | D:8      | Found a hide-covered altar of Uskayaw.
 10988 | D:8      | Reached skill level 1 in Evocations
 11342 | D:8      | Found Jiyrox's Armour Emporium.
 11391 | D:8      | Found a sparkling altar of Nemelex Xobeh.
 11391 | D:8      | Found an ornate altar of the Wu Jian Council.
 11399 | D:8      | Found a bloodstained altar of Trog.
 11401 | D:8      | Found a glowing silver altar of Zin.
 11403 | D:8      | Found a faded altar of an unknown god.
 11407 | D:8      | Became a worshipper of Zin the Law-Giver
 11407 | D:8      | Reached * piety under Zin
 11519 | D:8      | Reached skill level 2 in Evocations
 11688 | D:8      | Found an ancient bone altar of Kikubaaqudgha.
 11690 | D:8      | Gained mutation: Your body sometimes deteriorates upon
                  | taking damage. [evolution]
 11878 | D:8      | Bought a +0 buckler for 54 gold pieces
 12021 | D:9      | Noticed a two-headed ogre
 12236 | D:9      | Reached skill level 7 in Spellcasting
 12236 | D:9      | Reached skill level 8 in Ice Magic
 12261 | D:9      | Reached skill level 3 in Evocations
 12369 | D:9      | Killed a two-headed ogre
 12369 | D:9      | Reached skill level 4 in Evocations
 12369 | D:9      | Reached XP level 10. HP: 52/56 MP: 7/21
 12442 | D:9      | Reached ** piety under Zin
 12719 | D:10     | Entered Level 10 of the Dungeon
 12765 | D:10     | Found a staircase to the Lair.
 12768 | D:10     | Reached skill level 6 in Conjurations
 13043 | D:10     | Noticed Sonja
 13049 | D:10     | Killed Sonja
 13049 | D:10     | Reached skill level 9 in Ice Magic
 13049 | D:10     | Reached skill level 5 in Evocations
 13079 | D:10     | Found a runed translucent gate.
 13079 | D:10     | Found a runed translucent gate.
 13080 | D:10     | Found a runed translucent gate.
 13082 | D:10     | Noticed Yosebu's ghost (journeyman TrMo)
 13644 | D:11     | Noticed a skeletal warrior
 13644 | D:11     | Noticed a skeletal warrior
 13644 | D:11     | Noticed a skeletal warrior
 13678 | D:11     | Found a gate leading to a gauntlet.
 13682 | Gauntlet | Entered a Gauntlet
 13682 | Gauntlet | Found a transporter.
 13682 | Gauntlet | Found a transporter.
 13685 | Gauntlet | Noticed a sixfirhy
 13703 | Gauntlet | Found a transporter.
 13705 | Gauntlet | Found a transporter.
 13715 | Gauntlet | Found a transporter.
 13719 | Gauntlet | Found a transporter.
 13728 | Gauntlet | Noticed a green death
 13733 | Gauntlet | Found a transporter.
 13733 | Gauntlet | Noticed an orange demon
 13750 | Gauntlet | Noticed a hell hog
 13751 | Gauntlet | Found a transporter.
 13782 | Gauntlet | Found a transporter.
 13786 | Gauntlet | Found a transporter.
 13787 | Gauntlet | Noticed a death ooze
 13794 | Gauntlet | Noticed a worldbinder
 13805 | Gauntlet | Found a transporter.
 13807 | Gauntlet | Found a transporter.
 13847 | Gauntlet | HP: 1/56 [sixfirhy (11)]
 13847 | Gauntlet | Mangled by a sixfirhy

Levels and vault maps discovered:
D:1:      erik_arrival_cave_to_civilisation [erik_arrival_cave_to_hall],
          layout_basic
D:2:      layout_basic, minmay_bisected
D:3:      layout_basic
D:4:      layout_loops_cross, serial_shops,
          nicolae_shop_competitors_out_of_business, first_ration,
          uniq_blork_the_orc, uniq_sigmund
D:5:      layout_cave_pools, grunt_temple_overflow_diamond,
          minmay_temple_entry_poolview
D:6:      layout_loops_ring, enter_ossuary_5, serial_shops, shop,
          roderic_filled_cross
D:7:      layout_layer_cave, marbit_many_paths, led_sif_book, old_standard_altar
D:8:      layout_loops_corners, chequers_temple_overflow_minitemple,
          ashenzari_conservatory_becter, kennysheep_little_box,
          eat_drink_and_be_merry_uskayaw, serial_shops, shop, hangedman_ranch
          [blue_anna_fruit_fields]
D:9:      layout_cave_pools, grunt_ministairs_6, minmay_crystal_room,
          amethyst_killhole, minmay_misc_feat_tower
D:10:     layout_gridville, grunt_lair_entry_orc_guard_hut,
          gammafunk_ghost_spectres, uniq_sonja
D:11:     layout_small_grid, gauntlet_entry_generic
Temple:   jpeg_temple_island
Gauntlet: gammafunk_gauntlet_hard_choice [gammafunk_gauntlet_arena_teeth,
          nicolae_gauntlet_arena_blocks, gammafunk_gauntlet_arena_corners,
          gammafunk_gauntlet_arena_spirals, nicolae_gauntlet_arena_quarters,
          gammafunk_gauntlet_arena_arrow_garden, gauntlet_exit_hidden_loot]

Skill      XL: |  1  2  3  4  5  6  7  8  9 10 |
---------------+-------------------------------+-----
Spellcasting   | 3 4 5 6 7 |  7.9
Ice Magic      | 4 5 6 7 8 9 |  9.0
Conjurations   | 2 3 4 5 6 |  6.4
Summonings     | 3 |  3.8
Evocations     | 4 5 |  5.2
Dodging        | |  2.0
Stealth        | |  2.6

Action                   |  1- 3 |  4- 6 |  7- 9 | 10-12 || total
-------------------------+-------+-------+-------+-------++-------
Melee: Unarmed           |    19 |     3 |       |       ||    22
       Constrict         |     3 |    10 |     9 |       ||    22
       Tentacles         |     1 |     6 |     5 |       ||    12
       Dagger            |       |    32 |    16 |       ||    48
       Flail             |       |       |    55 |       ||    55
 Cast: Freeze            |    47 |    34 |    20 |       ||   101
       Throw Frost       |     4 |    94 |   200 |    35 ||   333
       Summon Ice Beast  |       |       |    35 |    11 ||    46
       Throw Icicle      |       |       |    26 |    17 ||    43
Invok: Vitalisation      |       |       |       |     2 ||     2
Evoke: Wand              |       |       |     4 |       ||     4
  Use: Scroll            |       |       |    14 |     1 ||    15
       Potion            |       |       |     7 |       ||     7
 Stab: Distracted        |       |       |     1 |       ||     1
  Eat: Chunk             |     2 |    14 |     9 |     2 ||    27
       Ration            |       |       |     6 |     1 ||     7
Armor: Skin              |     3 |     1 |    17 |       ||    21
Dodge: Dodged            |    31 |    36 |    85 |    11 ||   163

Table legend:
 A = Non-vault XP
 B = Vault XP
 C = Vault XP percentage of total XP
 D = Non-vault monster count
 E = Vault monster count
 F = Vault count percentage of total count
                 A         B        C        D         E       F
            +---------+---------+-------+---------+---------+-------
      Total |    5187 |    1378 |  21.0 |     206 |      39 |  15.9
            +---------+---------+-------+---------+---------+-------
        D:1 |      45 |       0 |   0.0 |      24 |       0 |   0.0
        D:2 |      64 |       4 |   5.9 |      19 |       3 |  13.6
        D:3 |     163 |       0 |   0.0 |      27 |       0 |   0.0
        D:4 |     352 |       0 |   0.0 |      20 |       0 |   0.0
        D:5 |     753 |       0 |   0.0 |      18 |       0 |   0.0
        D:6 |     915 |       0 |   0.0 |      23 |       0 |   0.0
        D:7 |     516 |      77 |  13.0 |      28 |       2 |   6.7
        D:8 |     490 |       0 |   0.0 |      15 |       0 |   0.0
        D:9 |    1303 |      87 |   6.3 |      16 |       2 |  11.1
       D:10 |     586 |    1024 |  63.6 |      16 |       5 |  23.8
    Ossuary |       0 |     186 | 100.0 |       0 |      27 | 100.0
            +---------+---------+-------+---------+---------+-------
